 Dungeon Crawl Stone Soup version 0.28-a0-793-g31680bbd8b (webtiles) character file.

Game seed: 10842059406840632375

3833 ytrimaz the Protected (level 9, -16/69 HPs)
             Began as a Demonspawn Fighter on Nov 4, 2021.
             Was a Believer of Makhleb.
             Killed from afar by Maurice (43 damage)
             ... with a bolt of acid
             ... on level 8 of the Dungeon.
             The game lasted 00:12:44 (8223 turns).

ytrimaz the Protected (Demonspawn Fighter)          Turns: 8223, Time: 00:12:45

Health: -16/69     AC: 18    Str: 19    XL:     9   Next: 98%
Magic:  11/11      EV: 11    Int: 10    God:    Makhleb [**....]
Gold:   1327       SH:  9    Dex: 13    Spells: 8/8 levels left

rFire   . . .      SeeInvis .   g - +1 dagger (elec)
rCold   . . .      Faith    .   c - +0 buckler
rNeg    . . .      Spirit   .   x - +0 plate armour
rPois   .          Reflect  .   (no helmet)
rElec   .          Harm     .   o - +0 cloak
rCorr   .          Rampage  .   (no gloves)
Will    +....      Clarity  +   f - +0 pair of boots
Stlth   ..........              z - amulet of regeneration
HPRegen 1.21/turn               h - ring of willpower
MPRegen 0.24/turn               n - +4 ring of evasion

@: corroded, studying Transmutations
A: slimy green scales 1, icemail 2, magic regeneration, condensation shield,
weakness stinger 1, clarity
a: Renounce Religion, Minor Destruction


You were on level 8 of the Dungeon.
You worshipped Makhleb.
Makhleb was pleased with you.
You visited 2 branches of the dungeon, and saw 9 of its levels.
You also visited: Sewer and Bailey.

You collected 1327 gold pieces.

Inventory:

Hand Weapons
 g - a +1 dagger of electrocution (weapon)
 B - a +0 dagger of venom
Armour
 c - a +0 buckler (worn)
 d - a +2 scale mail of positive energy
 f - a +0 pair of boots (worn)
 o - a +0 cloak (worn)
 x - a +0 plate armour (worn)
Jewellery
 h - a ring of willpower (left hand)
 n - a +4 ring of evasion (right hand)
 z - an amulet of regeneration (around neck)
Wands
 m - a wand of flame (8) (quivered)
 D - a wand of iceblast (20)
Scrolls
 j - 2 scrolls of enchant armour
 k - a scroll of noise
 s - 2 scrolls of summoning
 u - a scroll of enchant weapon
Potions
 e - 2 potions of curing
 i - a potion of mutation
 l - 2 potions of heal wounds
 r - 2 potions of invisibility
 t - 2 potions of berserk rage {unknown}
 v - a potion of attraction {unknown}
 A - a potion of brilliance {unknown}


   Skills:
 + Level 5.7 Fighting
 + Level 7.1 Short Blades
 * Level 8.4 Armour
 * Level 4.9 Dodging
 - Level 4.0 Shields
 * Level 3.8 Invocations


You had 8 spell levels left.
You didn't know any spells.
Your spell library contained the following spells:

 Spells                   Type           Power      Damage    Failure   Level
 Slow                     Hex            0%         N/A       100%        1
 Sublimation of Blood     Necr           0%         N/A       100%        2
 Wereblood                Tmut           0%         N/A       100%        2
 Confusing Touch          Hex            0%         N/A       100%        3
 Frozen Ramparts          Ice            0%         1d2       100%        3
 Vampiric Draining        Necr           0%         2d6       100%        3
 Ice Form                 Ice/Tmut       0%         N/A       100%        4
 Petrify                  Tmut/Erth      0%         N/A       100%        4
 Summon Ice Beast         Ice/Summ       0%         N/A       100%        4
 Irradiate                Conj/Tmut      0%         3d14      100%        5
 Summon Forest            Summ/Tloc      0%         N/A       100%        5
 Eringya's Noxious Bog    Tmut/Pois      0%         N/A       100%        6
 Summon Hydra             Summ           0%         N/A       100%        7


Dungeon Overview and Level Annotations

Branches:
Dungeon (8/15)             Temple (1/1) D:5           Sewer (visited)
 Bailey (visited)
   Lair: D:8-11

Altars:
Cheibriados
Dithmenos
Elyvilon
Fedhas
Hepliaklqana
Kikubaaqudgha
Makhleb
Nemelex Xobeh
Okawaru
Ru
Sif Muna
Uskayaw
Vehumet
Wu Jian
Xom
Yredelemnul
Zin
The Shining One
Lugonu

Shops:
D:2 (   D:8 *

Annotations:
D:8 Maurice


Innate Abilities, Weirdness & Mutations

You are partially covered in slimy green scales. (AC +2)
A meltable icy envelope protects you from harm. (AC +8)
You regenerate magic rapidly.
A meltable shield of frost defends you. (SH +4)
You have a small tail.
You possess an exceptional clarity of mind.


Message History

You hear some strange, mumbled words.
You feel much better.
You hear a zap.
A bolt of acid appears from out of thin air!
The bolt of acid misses you.
You hit something but do no damage. You hit something but do no damage.
You hear a zap.
A bolt of acid appears from out of thin air!
The bolt of acid hits you!
You miss something. Something hits you but does no damage.
You miss something.
Your tail-slap misses something.
You miss something. You tail-slap something.
You hear a zap.
A bolt of acid appears from out of thin air!
The bolt of acid hits you. The acid corrodes you!
You barely miss something.
Your tail-slap misses something.
Something hits you.
Something steals your 9 potions of flight!
You closely miss something. You miss something. Something hits you.
Something steals your 2 scrolls of magic mapping!
You barely miss something. You barely miss something.
Something hits you but does no damage.
You barely miss something. Something hits you but does no damage.
You miss something. You hit something but do no damage.
Your tail-slap misses something.
Something hits you.
Something steals your +0 rapier of protection!
You hit something but do no damage. You hit something but do no damage.
Something hits you. Something steals your amulet of faith!
You miss something. Something hits you but does no damage.
You hit something but do no damage. You hit something but do no damage.
Something hits you but does no damage.
You miss something.
Your tail-slap misses something.
You hear a zap.
A bolt of acid appears from out of thin air!
The bolt of acid hits you!!!
Ouch! That really hurt!
You die...

# #.######.# ######
#......#.# # ..††.#
#.####.#.#.#
####.####.####.#.#.#
....................
#.#........#.#.#.#.
.....#####.#.#.#.#
#....# #.#...#[#
#....# #.###.#@#
#.#..# #.....#{#
#....# #####.#.#
....## #......#
#.##.### .. ...#
#...#..# ### #...
##{#


There were no monsters in sight!

Vanquished Creatures
  8 yaks
  A water moccasin (D:4)
  An ice beast (D:8)
  6 orc warriors (Bailey)
  2 necrophages (D:7)
  A sky beast (D:7)
  2 centaurs
  2 ogres (D:5)
  2 phantoms
  A scorpion (D:6)
  3 bullfrogs
  A water moccasin zombie (D:6)
  2 howler monkeys
  4 bullfrog zombies
  2 hounds
  3 jellies
  A gnoll shaman (D:4)
  2 centaur skeletons
  Jessica (D:2)
  4 iguanas
  3 orc wizards (D:7)
  2 hound skeletons
  A howler monkey zombie (D:7)
  5 adders
  5 gnolls
  2 shadow imps
  An adder skeleton (D:4)
  2 worms
  2 dart slugs (D:4)
  8 orcs
  10 bats
  8 endoplasms
  3 giant cockroaches
  15 goblins
  6 hobgoblins
  4 jackals (Sewer)
  8 quokkas
  3 ball pythons
  3 frilled lizards
  7 kobolds
  7 rats
154 creatures vanquished.

Vanquished Creatures (others)
  A hobgoblin (D:3)
  2 plants (D:5)
3 creatures vanquished.

Grand Total: 157 creatures vanquished

Notes
Turn   | Place    | Note
-------+----------+-------------------------------------------
     0 | D:1      | ytrimaz the Demonspawn Fighter began the quest for the Orb.
     0 | D:1      | Reached XP level 1. HP: 18/18 MP: 1/1
    34 | D:1      | Gained mutation: You are partially covered in slimy green
                  | scales. (AC +2) [demonic ancestry]
    34 | D:1      | Reached XP level 2. HP: 13/24 MP: 2/2
   435 | D:1      | Reached skill level 3 in Armour
   729 | D:1      | Reached XP level 3. HP: 27/29 MP: 3/3
   906 | D:1      | Found a faded altar of an unknown god.
  1245 | D:2      | Found Qyar's Weapon Boutique.
  1377 | D:2      | Noticed Jessica
  1386 | D:2      | Killed Jessica
  1536 | D:2      | Gained mutation: You have a small tail. [demonic ancestry]
  1536 | D:2      | Reached XP level 4. HP: 32/35 MP: 4/4
  2040 | D:3      | Found a radiant altar of Vehumet.
  2274 | D:3      | Noticed an angel
  2275 | D:3      | Found a shimmering altar of Xom.
  2652 | D:4      | Reached skill level 1 in Dodging
  2708 | D:4      | Reached XP level 5. HP: 10/41 MP: 5/5
  3056 | D:4      | Noticed a water moccasin
  3073 | D:4      | Reached skill level 4 in Armour
  3077 | D:4      | Killed a water moccasin
  3078 | D:4      | Gained mutation: You regenerate magic rapidly. [demonic
                  | ancestry]
  3078 | D:4      | Reached XP level 6. HP: 36/47 MP: 6/6
  3096 | D:4      | Noticed a yak
  3106 | D:4      | Killed a yak
  3363 | D:4      | HP: 1/47 [iguana (9)]
  3369 | D:4      | Gained mutation: A meltable shield of frost defends you.
                  | (SH +4) [demonic ancestry]
  3369 | D:4      | Reached XP level 7. HP: 21/52 MP: 7/7
  3370 | D:4      | Reached skill level 5 in Armour
  3696 | D:4      | Found a sacrificial altar of Ru.
  4291 | D:5      | Entered Level 5 of the Dungeon
  4807 | D:5      | Found a blossoming altar of Fedhas.
  4873 | D:5      | Found a staircase to the Ecumenical Temple.
  5141 | Temple   | Entered the Ecumenical Temple
  5206 | Temple   | Became a worshipper of Makhleb the Destroyer
  5409 | D:5      | Reached skill level 6 in Armour
  5409 | D:5      | Gained mutation: A meltable icy envelope protects you from
                  | harm. (AC +8) [demonic ancestry]
  5409 | D:5      | Reached XP level 8. HP: 47/60 MP: 8/8
  5535 | D:6      | Gained mutation: Potions are less effective at restoring
                  | your health. [potion of mutation]
  5535 | D:6      | Gained mutation: You passively map a small area around you.
                  | [potion of mutation]
  5536 | D:6      | Lost mutation: Potions are less effective at restoring your
                  | health. [potion of mutation]
  5536 | D:6      | Lost mutation: You passively map a small area around you.
                  | [potion of mutation]
  5536 | D:6      | Gained mutation: You possess an exceptional clarity of
                  | mind. [potion of mutation]
  5756 | D:6      | Found a glowing drain.
  5786 | Sewer    | Entered a sewer
  5920 | Sewer    | Reached * piety under Makhleb
  6260 | D:6      | Reached skill level 5 in Short Blades
  6285 | D:6      | Reached skill level 7 in Armour
  6796 | D:7      | Gained mutation: A meltable icy envelope protects you from
                  | harm. (AC +8) [demonic ancestry]
  6796 | D:7      | Reached XP level 9. HP: 67/67 MP: 9/9
  7027 | D:7      | Found a shadowy altar of Dithmenos.
  7105 | D:7      | Reached skill level 1 in Invocations
  7172 | D:7      | Found a shimmering blue altar of Sif Muna.
  7247 | D:7      | Reached skill level 5 in Fighting
  7546 | D:8      | Found a basalt altar of Yredelemnul.
  7609 | D:8      | Found a flagged portal.
  7629 | Bailey   | Entered a bailey
  7666 | Bailey   | Reached ** piety under Makhleb
  7807 | Bailey   | Reached skill level 8 in Armour
  8026 | D:8      | Found Puetweg's Assorted Antiques.
  8169 | D:8      | Noticed Maurice
  8223 | D:8      | Killed from afar by Maurice

Illustrated notes

Levels and vault maps discovered:
D:1:      minmay_arrival_floating_metal, layout_loops_ring,
          shapermc_ecumenical_altar_pompeii
D:2:      layout_loops_cross, serial_shops, shop, uniq_jessica
D:3:      layout_basic, grunt_temple_overflow_order_and_chaos_1,
          vehumet_crystals, mainiacjoe_overflow_surrounded_room
D:4:      layout_loops_ring, kennysheep_mini, nicolae_elyvilon_temple_path,
          minmay_misc_feat_alley, minmay_manual_mess
D:5:      layout_loops_corners, fedhas_ov_isle_minmay,
          minmay_temple_entry_glassed_door, grunt_decor_cap
D:6:      layout_basic, gup_sewer_entry_pipe
D:7:      layout_rooms, mainiacjoe_overflow_paths, tgw_sif,
          chequers_serial_rivers_room_a, centaur_isle
D:8:      layout_basic, yredelemnul_altar_generic, serial_shops,
          nicolae_square_shop, enter_bailey_5, nicolae_island_escapes,
          uniq_maurice
Temple:   corrupted_temple

Skill      XL: |  1  2  3  4  5  6  7  8  9 |
---------------+----------------------------+-----
Shields        | 3 4 |  4.0
Armour         | 3 4 6 7 8 |  8.4
Short Blades   | 2 3 4 5 7 |  7.1
Dodging        | 1 2 3 4 |  4.9
Fighting       | 4 5 |  5.7
Invocations    | 3 |  3.8

Action                   |  1- 3 |  4- 6 |  7- 9 || total
-------------------------+-------+-------+-------++-------
Melee: Rapier            |    13 |       |   119 ||   132
       Dagger            |    78 |   122 |   469 ||   669
       Tailslap          |       |    16 |    94 ||   110
Evoke: Wand              |       |       |    10 ||    10
  Use: Scroll            |     2 |       |    14 ||    16
       Potion            |       |     2 |     5 ||     7
Armor: Scale mail        |    23 |    36 |     6 ||    65
       Plate armour      |       |       |   263 ||   263
       Skin              |       |       |    25 ||    25
Dodge: Dodged            |    44 |    43 |   228 ||   315
Block: Buckler           |    19 |    29 |   261 ||   309

Table legend: (Time is in decaauts)
 A = Elapsed time spent in this place.
 B = Non-inter-level travel time spent in this place.
 C = Inter-level travel time spent in this place.
 D = Time resting spent in this place.
 E = Time spent auto-exploring this place.
 F = Levels seen in this place.
 G = Mean time per level.
                   A        B        C        D        E       F      G
               +--------+--------+--------+--------+--------+-----+--------+
         Total |   8183 |   7918 |    265 |    537 |   5680 |  11 |  743.9 |
       Dungeon |   7408 |   7156 |    252 |    437 |   5328 |   8 |  926.0 |
        Temple |     79 |     66 |     13 |      0 |     25 |   1 |   79.0 |
         Sewer |    439 |    439 |      0 |      0 |    325 |   1 |  439.0 |
        Bailey |    255 |    255 |      0 |    100 |      2 |   1 |  255.0 |
               +--------+--------+--------+--------+--------+-----+--------+

Top non-repeatable levels by time:
     D:4: 1699 daAuts
     D:5: 1133 daAuts
     D:1: 1124 daAuts
     D:6: 834 daAuts
     D:7: 754 daAuts
     D:3: 747 daAuts
     D:2: 712 daAuts
   Sewer: 439 daAuts
     D:8: 401 daAuts
  Bailey: 255 daAuts
  Temple: 79 daAuts
